cohdb
Replays
Latest Replays
All Replays
Popular Replays
Top Player Replays
Match Explorer
How It Works
Community
CoH3 Stats
Reddit
Sign in to upload your games and track your stats! →
Sign in with Steam
Match 45457828
Unlisted
Match 45457828
Overview
Messages
Build Orders
End
Kradschützen Motorcycle Team
Selects Battlefield Espionage Battlegroup
Panzergrenadier Squad
Panzergrenadier Squad
Construct Light Support Kompanie
Assault Grenadier Squad
2.5-tonne Medical Truck
Construct Mechanized Kompanie
Selects Intel Disruption Beacon
Selects Plunder
254 Reconnaissance Tractor
TeamSpeakUser
LITTLE TRICKSTER
Everyone's Idol Goro
ShockBlade332
Mmarchi
Tyler N.
0
0
Comments
sign in to comment!
No comments posted yet!